 Dungeon Crawl Stone Soup version 0.31-a0-716-gc7603755dd (webtiles) character file.

Game seed: 1466001129145469018

1232 Bnni the Spear-Bearer (level 8, -8/67 HPs)
             Began as a Formicid Fighter on Sept 10, 2023.
             Mangled by a black bear (10 damage)
             ... on level 5 of the Dungeon.
             The game lasted 00:07:51 (5611 turns).

Bnni the Spear-Bearer (Formicid Fighter)            Turns: 5611, Time: 00:07:52

Health: -8/67      AC: 10    Str: 29    XL:     8   Next: 77%
Magic:  8/8        EV:  8    Int:  8    God:
Gold:   203        SH:  5    Dex: 13    Spells: 7/7 levels left

rFire   . . .        x - +0 halberd
rCold   . . .        c - +0 buckler
rNeg    . . .        g - +0 chain mail
rPois   .            (helmet unavailable)
rElec   .            (no cloak)
rCorr   .            d - +0 pair of gloves
SInv    +            (no boots)
Will    .....        (no amulet) Stlth
                     h - +6 ring of strength
HPRegen 0.31/turn    (no ring)
MPRegen 0.11/turn

%: no passive effects
@: no status effects
A: permanent stasis, dig shafts and tunnels, antennae 3, four strong arms
a: Dig, Shaft Self


You were on level 5 of the Dungeon.
You visited 1 branch of the dungeon, and saw 6 of its levels.
You also visited: Sewer.

You collected 203 gold pieces.

Inventory:

Hand Weapons
 a - a +0 trident
 x - a +0 halberd (weapon)
Missiles
 e - 10 poisoned darts
 s - 4 boomerangs
Armour
 c - a +0 buckler (worn)
 d - a +0 pair of gloves (worn)
 g - a +0 chain mail (worn)
Jewellery
 h - a +6 ring of strength (left hand)
Wands
 m - a wand of quicksilver (6)
Scrolls
 f - a scroll of amnesia {unknown}
 i - 4 scrolls of poison
 o - 2 scrolls of teleportation {unknown}
 p - a scroll of torment {unknown}
 q - a scroll of blinking {unknown}
 r - a scroll of fog {unknown}
 u - a scroll of revelation {unknown}
 v - 3 scrolls of enchant weapon {unknown}
 w - a scroll of immolation {unknown}
 y - a scroll of fear {unknown}
 z - a scroll of enchant armour {unknown}
Potions
 b - a potion of degeneration {unknown}
 j - a potion of ambrosia
 k - 5 potions of curing
 l - a potion of enlightenment {unknown}
 n - 3 potions of brilliance
 t - 2 potions of lignification {unknown}
 A - a potion of heal wounds {unknown}
 B - a potion of might


   Skills:
 + Level 7.0 Fighting
 * Level 8.1 Polearms
 - Level 3.2 Armour
 - Level 5.0 Shields


You had 7 spell levels left.
You didn't know any spells.
Your spell library contained the following spells:

 Spells                   Type           Power      Damage    Failure   Level
 Summon Small Mammal      Summ           0%         N/A       91%         1
 Call Canine Familiar     Summ           0%         N/A       100%        3
 Summon Guardian Golem    Hex/Summ       0%         N/A       100%        3


Dungeon Overview and Level Annotations

Branches:
Dungeon (6/15)              Sewer (visited)
 Temple: D:4-7

Altars:
Ashenzari
Elyvilon
Kikubaaqudgha
Nemelex Xobeh
Wu Jian

Shops:
D:2 [=(*


Innate Abilities, Weirdness & Mutations

You cannot be hasted, slowed, berserked, paralysed or teleported.
You can dig through walls and to a lower floor.
You have a pair of large antennae on your head. (SInv)
Your four strong arms can wield two-handed weapons with a shield.


Message History

Throw: 11 darts (poison)
Press: ? - help, Shift-Dir - straight line, f/p - black bear
Aim: a black bear (lightly wounded, very poisoned, 65% to hit)
You throw a poisoned dart.
The poisoned dart closely misses the black bear.
The black bear bites you but does no damage.
The black bear barely misses you. x2
You hit the black bear.
The black bear is moderately wounded.
The black bear bites you.
The black bear claws you but does no damage.
The black bear claws you.
You closely miss the black bear.
The black bear is moderately wounded.
You block the black bear's attack. The black bear claws you.
The black bear claws you but does no damage.
You slash the black bear!
The black bear is severely wounded.
The black bear bites you but does no damage.
The black bear claws you but does no damage.
The black bear claws you.
* * * LOW HITPOINT WARNING * * *
You barely miss the black bear.
The black bear is severely wounded.
The black bear barely misses you. The black bear claws you.
* * * LOW HITPOINT WARNING * * *
The black bear claws you but does no damage.
You hit the black bear.
The black bear is almost dead.
The black bear goes berserk!
You barely miss the black bear.
The black bear is almost dead.
The black bear bites you!
* * * LOW HITPOINT WARNING * * *
The black bear claws you.
* * * LOW HITPOINT WARNING * * *
The black bear claws you.
* * * LOW HITPOINT WARNING * * *
The black bear bites you!
You die...

### ..#
..#######################
.........(.....h@......<#
.'##'.#.########.########
.#~~#...# #.# ##~~##..#
#.# #~~~~#..# #.#
#~~~~#..# #.# ##~~##..#
#.# .#~~#..## #.#
##''##.# #.#


You could see a black bear (berserk, poisoned).

Vanquished Creatures
  Pargi (Sewer)
  A black bear (D:5)
  2 ogres (D:5)
  A phantom (D:4)
  A bullfrog (D:5)
  A gnoll sergeant (D:4)
  A scorpion (D:3)
  3 hounds
  A jelly (D:6)
  An orc priest (D:3)
  A gnoll bouda (D:4)
  3 orc wizards
  A sleepcap (D:5)
  Robin (D:2)
  12 gnolls
  6 adders
  A river rat (D:5)
  2 ufetubi
  5 dart slugs
  16 orcs
  10 ball pythons
  4 bats
  10 endoplasms
  6 giant cockroaches
  12 goblins
  9 hobgoblins
  6 kobolds
  4 quokkas
  12 frilled lizards
  7 rats
141 creatures vanquished.

Notes
Turn   | Place    | Note
-------+----------+-------------------------------------------
     0 | D:1      | Bnni the Formicid Fighter began the quest for the Orb.
     0 | D:1      | Reached XP level 1. HP: 18/18 MP: 1/1
   111 | D:1      | Reached XP level 2. HP: 24/24 MP: 2/2
   628 | D:1      | Reached XP level 3. HP: 29/29 MP: 3/3
  1021 | D:2      | Found Riogaitz's Antique Weapon Emporium.
  1078 | D:2      | Found Beexkuk's Jewellery Boutique.
  1161 | D:2      | Found Myuh's Assorted Antiques.
  1196 | D:2      | Found an ancient bone altar of Kikubaaqudgha.
  1228 | D:2      | Noticed Robin
  1241 | D:2      | Killed Robin
  1242 | D:2      | Reached skill level 3 in Polearms
  1242 | D:2      | Reached skill level 5 in Shields
  1242 | D:2      | Reached XP level 4. HP: 33/37 MP: 4/4
  1332 | D:2      | Found a transporter.
  1332 | D:2      | Found Oklisem's Armour Shop.
  1370 | D:2      | Found a transporter.
  1753 | D:3      | Found an ornate altar of the Wu Jian Council.
  1754 | D:3      | Noticed a scorpion
  1767 | D:3      | Killed a scorpion
  1768 | D:3      | Reached XP level 5. HP: 20/42 MP: 5/5
  2054 | D:3      | Found a sparkling altar of Nemelex Xobeh.
  2171 | D:3      | Reached skill level 4 in Polearms
  2189 | D:3      | Reached XP level 6. HP: 35/49 MP: 6/6
  2429 | D:3      | Found a white marble altar of Elyvilon.
  3051 | D:4      | Reached skill level 5 in Polearms
  3252 | D:4      | Reached skill level 5 in Fighting
  3396 | D:4      | Found a broken altar of Ashenzari.
  3503 | D:4      | Reached XP level 7. HP: 53/56 MP: 7/7
  3868 | D:4      | Reached skill level 6 in Polearms
  4075 | D:5      | Entered Level 5 of the Dungeon
  4223 | D:5      | Found a glowing drain.
  4227 | Sewer    | Entered a sewer
  4300 | Sewer    | Noticed Pargi
  4322 | Sewer    | Killed Pargi
  4535 | D:5      | Reached skill level 7 in Polearms
  4535 | D:5      | Reached XP level 8. HP: 35/64 MP: 8/8
  5298 | D:5      | Reached skill level 8 in Polearms
  5611 | D:5      | HP: 2/67 [black bear (6)]
  5611 | D:5      | Mangled by a black bear

Illustrated notes

Levels and vault maps discovered:
D:1:      sevenhm_arrival_forest_fort_large_4, layout_loops_ring
D:2:      layout_basic, serial_shops, shop, nicolae_shop_real_fake_doors, shop,
          nicolae_shop_drivethru, basic_altar, uniq_robin
D:3:      layout_loops_corners, nemelex_spade_bored_becter, lemuel_round_altar,
          nicolae_overflow_crystal_walls, minmay_misc_feat_hallway,
          minivault_11, st_stairs_1, kennysheep_generic_room_9
D:4:      layout_basic, ashenzari_conservatory_becter, fountainhead,
          dreamdust_mushroom_princess
D:5:      layout_basic, gup_sewer_entry_bowl
D:6:      layout_cave_pools, general_overflow_altar,
          minmay_temple_entry_gardened_gates

Skill      XL: |  1  2  3  4  5  6  7  8 |
---------------+-------------------------+-----
Polearms       | 3 4 5 7 8 |  8.1
Shields        | 5 |  5.0
Fighting       | 4 5 6 7 |  7.0
Armour         | |  3.2

Action                     |  1- 3 |  4- 6 |  7- 9 || total
---------------------------+-------+-------+-------++-------
  Melee: Trident           |   111 |   185 |    24 ||   320
         Halberd           |       |       |   154 ||   154
  Throw: Dart              |       |     5 |    14 ||    19
    Use: Scroll            |       |       |     5 ||     5
         Potion            |       |       |     2 ||     2
 Armour: Scale mail        |    22 |       |       ||    22
         Chain mail        |    37 |   102 |   191 ||   330
  Dodge: Dodged            |    30 |    53 |    88 ||   171
  Block: Buckler           |    14 |    27 |    67 ||   108

Table legend: (Time is in decaauts)
 A = Elapsed time spent in this place.
 B = Non-inter-level travel time spent in this place.
 C = Inter-level travel time spent in this place.
 D = Time resting spent in this place.
 E = Time spent auto-exploring this place.
 F = Levels seen in this place.
 G = Mean time per level.
                   A        B        C        D        E       F      G
               +--------+--------+--------+--------+--------+-----+--------+
         Total |   5720 |   5585 |    135 |    494 |   4017 |   7 |  817.1 |
       Dungeon |   5450 |   5315 |    135 |    435 |   3919 |   6 |  908.3 |
         Sewer |    270 |    270 |      0 |     59 |     97 |   1 |  270.0 |
               +--------+--------+--------+--------+--------+-----+--------+

Top non-repeatable levels by time:
     D:3: 1305 daAuts
     D:5: 1291 daAuts
     D:4: 1051 daAuts
     D:2: 942 daAuts
     D:1: 822 daAuts
   Sewer: 270 daAuts
     D:6: 36 daAuts
